Map: Acid Plant LE

Players

soul - Winner!

  • Race: Terran Terran
  • Spawn Location: 11:00

Denver

  • Race: Zerg Zerg
  • Spawn Location: 5:00

Event: WCS Valencia 2018

VOD

Have the link to the VOD?

Description

Time

  • Played on: July 12, 2018, 11:12 a.m.
  • Length: 10:02

All games in this series

Show
View Real Time Build Order
Export as new Build Order

soul Terran - Winner!

Build Orders: Reaper Expand, Hellion Banshee 

Get SALT Encoding   

  12  0:00  SCV  
  13  0:12  SCV  
  14  0:17  Supply Depot  
  14  0:24  SCV  
  15  0:38  SCV  
  15  0:41  Barracks  
  16  0:45  Refinery  
  16  0:50  SCV  
  17  1:02  SCV  
  18  1:14  SCV  
  19  1:28  Reaper, Orbital Command  
  20  1:43  Command Center  
  20  1:50  Supply Depot  
  20  1:54  SCV  
  21  2:00  Marine  
  22  2:06  SCV  
  23  2:12  Factory  
  23  2:18  SCV  
  24  2:23  Barracks Reactor  
  24  2:24  Refinery  
  24  2:30  SCV  
  25  2:42  SCV  
  26  2:54  SCV  
  26  2:56  Starport  
  27  3:06  SCV  
  27  3:07  Hellion  
  27  3:08  Barracks Tech Lab, Hellion  
  33  3:14  Orbital Command  
  33  3:18  SCV  
  33  3:29  Hellion x2  
  33  3:30  SCV  
  38  3:41  Viking, Supply Depot  
  38  3:43  SCV x2  
  42  3:49  Barracks Tech Lab  
  42  3:55  SCV x2  
  44  3:56  Hellion  
  46  4:03  Hellion  
  46  4:06  Supply Depot  
  46  4:07  SCV x2  
  49  4:10  Marine  
  49  4:11  Stimpack  
  49  4:12  Medivac  
  52  4:19  SCV x2  
  54  4:27  Armory, Supply Depot  
  54  4:28  Hellion  
  54  4:29  Hellion  
  54  4:31  SCV x2  
  59  4:39  Supply Depot  
  59  4:42  Banshee  
  62  4:51  SCV x2  
  66  4:53  Supply Depot  
  68  5:03  SCV x2  
  68  5:05  Command Center  
  68  5:06  Cyclone  
  69  5:11  Cyclone  
  72  5:17  SCV  
  72  5:19  Supply Depot, SCV  
  74  5:28  Banshee  
  77  5:29  SCV  
  77  5:33  Bunker, SCV  
  77  5:34  Bunker  
  79  5:39  Hellion  
  79  5:41  SCV  
  82  5:43  Hellion, Marauder  
  82  5:46  Supply Depot  
  82  5:48  Supply Depot  
  83  5:53  SCV  
  73  6:00  Hellion  
  66  6:05  Hellion  
  66  6:06  SCV  
  67  6:11  Marauder  
  67  6:18  SCV  
  67  6:21  Hellion  
  64  6:26  Hellion  
  64  6:30  SCV  
  58  6:42  SCV  
  58  6:43  Hellion  
  58  6:45  Liberator  
  58  6:46  Hellion x2  
  54  6:47  Hellion  
  54  6:54  SCV, Orbital Command  
  52  7:01  Marine  
  54  7:04  Hellion  
  54  7:06  SCV  
  57  7:13  Cloaking Field  
  57  7:18  SCV  
  57  7:20  SCV  
  59  7:28  Hellion  
  59  7:29  Hellion  
  63  7:30  SCV  
  63  7:32  SCV  
  63  7:33  Marine  
  66  7:42  SCV  
  66  7:44  SCV  
  68  7:48  Banshee  
  68  7:50  Hellion, Marine  
  72  7:54  SCV  
  72  7:56  Hellion, SCV  
  74  8:06  Command Center  
  74  8:07  SCV  
  74  8:08  SCV  
  74  8:09  Supply Depot  
  74  8:11  Hellion  
  78  8:17  Marine  
  78  8:19  SCV  
  78  8:25  Barracks x2  
  78  8:26  Engineering Bay  
  76  8:29  SCV  
  76  8:31  Banshee  
  80  8:35  Marine  
  80  8:37  SCV  
  76  8:41  SCV  
  71  8:49  SCV  
  71  8:53  Cyclone x2, Marine  
  57  9:10  Marine  
  57  9:16  SCV  
  55  9:21  SCV  
  54  9:25  Hellion, Cyclone  
  54  9:28  Marine  
  47  9:36  SCV  
  47  9:38  Marine  
  41  9:41  SCV  
  40  9:48  SCV  
Show
View Real Time Build Order
Export as new Build Order

Denver Zerg 

Build Orders: Hatch First, Roach Nydus 

Get SALT Encoding   

  12  0:00  Drone  
  13  0:12  Overlord  
  13  0:16  Drone  
  14  0:30  Drone x2  
  14  0:34  Drone  
  17  0:51  Hatchery  
  17  0:54  Drone  
  17  0:58  Drone  
  18  1:08  Extractor  
  17  1:13  Spawning Pool  
  17  1:16  Drone  
  17  1:19  Drone  
  18  1:28  Drone  
  19  1:38  Overlord  
  19  1:49  Drone  
  20  2:01  Queen  
  20  2:03  Zergling x2, Queen  
  20  2:04  Zergling x2  
  26  2:10  Metabolic Boost  
  26  2:11  Drone  
  26  2:15  Drone  
  28  2:21  Drone  
  29  2:26  Drone  
  30  2:35  Drone  
  30  2:37  Spore Crawler, Queen  
  30  2:41  Drone  
  30  2:42  Overlord  
  34  2:48  Drone  
  35  2:58  Drone  
  36  3:00  Queen  
  37  3:08  Drone x3  
  37  3:12  Drone x3  
  43  3:13  Overlord  
  43  3:24  Hatchery  
  42  3:30  Lair  
  42  3:35  Zergling x2  
  42  3:36  Zergling x4  
  42  3:37  Zergling x2  
  42  3:39  Drone  
  42  3:40  Extractor  
  46  3:45  Drone x2  
  46  3:46  Drone  
  49  3:49  Overlord  
  49  3:53  Overlord  
  49  3:55  Overlord  
  49  4:05  Overlord  
  49  4:13  Roach Warren  
  48  4:24  Overlord  
  47  4:31  Queen x2  
  47  4:34  Nydus Network  
  48  4:46  Zergling x14  
  53  4:54  Roach x5  
  53  4:55  Roach  
  53  4:58  Roach  
  67  5:04  Roach x2  
  71  5:15  Zergling x10  
  72  5:23  Roach x3  
  78  5:29  Nydus Canal  
  78  5:31  Roach  
  80  5:36  Roach  
  80  5:41  Overlord x2  
  79  5:47  Overseer  
  77  5:50  Overlord  
  73  6:00  Zergling x8  
  72  6:06  Queen, Drone x4  
  76  6:11  Ravager  
  76  6:17  Drone x3  
  76  6:19  Overlord  
  68  6:33  Roach x3  
  68  6:35  Queen  
  70  6:44  Drone x4  
  70  6:46  Queen  
  65  6:48  Drone  
  65  6:53  Drone  
  58  6:56  Glial Reconstitution  
  58  6:57  Queen  
  58  6:59  Evolution Chamber  
  58  7:00  Drone x2  
  59  7:03  Extractor  
  60  7:08  Roach x2  
  60  7:09  Roach  
  64  7:18  Overlord  
  64  7:20  Roach x4  
  72  7:28  Roach x2  
  76  7:33  Zerg Ground Armor Level 1  
  76  7:42  Nydus Canal  
  75  7:45  Roach  
  75  7:51  Drone x9  
  84  8:03  Roach x2  
  84  8:04  Roach x3  
  86  8:09  Overlord  
  83  8:21  Roach x5  
  93  8:28  Spore Crawler  
  93  8:31  Roach  
  93  8:32  Roach x3  
  89  8:47  Roach x4  
  91  8:59  Nydus Canal  
  85  9:02  Drone  
  85  9:03  Drone x3  
  68  9:12  Roach  
  68  9:13  Roach  
  66  9:20  Drone x2  
  67  9:27  Drone  
  67  9:31  Drone  
  61  9:35  Drone  
  49  9:38  Drone  
  44  9:46  Drone  
  44  9:49  Drone  
Tags
 
Add a new tag
Caveats
  • Supply blocks, unpowered buildings, or Contaminate may cause inaccurate times.
  • Supply counts are checked every 10 seconds.